 Dungeon Crawl Stone Soup version 0.24-a0-652-g46ecf6da75 (webtiles) character file.

Game seed: 13589093107551501853, levelgen mode: deterministic

21 Nattefrost the Skirmisher (level 2, -3/27 HPs)
             Began as a Draconian Fighter on Sept 26, 2019.
             Slain by an adder (4 damage)
             ... on level 2 of the Dungeon.
             The game lasted 00:01:32 (992 turns).

Nattefrost the Skirmisher (Draconian Fighter)        Turns: 992, Time: 00:01:33

Health: -3/27      AC:  4    Str: 23    XL:     2   Next: 65%
Magic:  2/2        EV: 10    Int:  8    God:
Gold:   45         SH:  9    Dex: 10    Spells: 1/1 levels left

rFire    . . .     SeeInvis .     - Unarmed
rCold    . . .     Gourm    .   a - +0 shield
rNeg     . . .     Faith    .   (armour unavailable)
rPois    .         Spirit   .   (helmet restricted)
rElec    .         Reflect  .   (no cloak)
rCorr    .         Harm     .   (no gloves)
MR       .....                  (no boots)
Stlth    +.........             (no amulet)
HPRegen  0.09/turn              (no ring)
MPRegen  0.08/turn              (no ring)

@: mighty, lethally poisoned (-3 -> -9), very slightly contaminated, invisible
A: unfitting armour, cold-blooded, AC +4
a: no special abilities


You were on level 2 of the Dungeon.
You were not hungry.

You visited 1 branch of the dungeon, and saw 2 of its levels.

You collected 45 gold pieces.

Inventory:

Armour
 a - a +0 shield (worn)
Jewellery
 e - an uncursed ring of protection from magic {unknown}
Scrolls
 d - a scroll of identify {unknown}
 f - a scroll of blinking {unknown}
 g - a scroll of remove curse {unknown}
 h - a scroll of enchant weapon {unknown}
 i - a scroll of magic mapping {unknown}
Comestibles
 c - 6 rations


   Skills:
 * Level 4.1 Fighting
 - Level 2.6 Dodging
 - Level 3.0 Shields
 + Level 2.4 Unarmed Combat


You had one spell level left.
You didn't know any spells.
Your spell library was empty.

Dungeon Overview and Level Annotations

Branches:
Dungeon (2/15)

Altars:


Innate Abilities, Weirdness & Mutations

Your plain brown scales are hard. (AC +4)
You cannot fit into any form of body armour.
You are cold-blooded and may be slowed by cold attacks.


Message History

The adder is moderately wounded.
The adder bites you.
* * * LOW HITPOINT WARNING * * *
You are lethally poisoned!
The adder poisons you! The adder bites you.
* * * LOW HITPOINT WARNING * * *
It was a potion of invisibility.
You fade into invisibility!
* * * LOW HITPOINT WARNING * * *
You feel sick. You block the adder's attack.
You are very lightly contaminated with residual magic.
You catch the helpless adder completely off-guard!
You hit the adder.
The adder is almost dead.
* * * LOW HITPOINT WARNING * * *
You feel sick. The adder closely misses you.
You miss the adder.
Your tail-slap misses the adder.
The adder is almost dead.
The adder bites you.
You die...

...... ......# .#
....... .. .....). .#
....... #g# ##.
....... #.###...
.......###.......
......rS@.....#
.......##"..###
......###..## ..
...........#####.#
....######.......#
.................#
#.....####...<...# .
#. #...#........[....
..
..##...######........


You could see an adder and a rat.

Vanquished Creatures
  An adder (D:2)
  A worm (D:2)
  A giant cockroach (D:1)
  A goblin (D:1)
  2 hobgoblins
  2 kobolds
  A rat (D:1)
9 creatures vanquished.

Notes
Turn   | Place    | Note
-------+----------+-------------------------------------------
     0 | D:1      | Nattefrost the Draconian Fighter began the quest for the
                  | Orb.
     0 | D:1      | Reached XP level 1. HP: 19/19 MP: 1/1
   420 | D:2      | Reached skill level 4 in Fighting
   420 | D:2      | Reached XP level 2. HP: 15/27 MP: 2/2
   991 | D:2      | HP: 1/27 [poisoned by an adder]
   992 | D:2      | Slain by an adder

Levels and vault maps discovered:
D:1:      wander_arrival_lonely_grave, layout_rooms
D:2:      layout_rooms, trog_hazing_becter

Skill      XL: |  1 |
---------------+----+-----
Fighting       | 4 |  4.1
Dodging        | |  2.6
Shields        | |  3.0
Unarmed Combat | |  2.4

Action                   || total
-------------------------++-------
Melee: Unarmed           ||    62
       Tailslap          ||     5
  Use: Potion            ||     2
 Stab: Invisible         ||     1
Armor: Skin              ||    19
Dodge: Dodged            ||    31
Block: Shield            ||    27

Table legend:
 A = Non-vault XP
 B = Vault XP
 C = Vault XP percentage of total XP
 D = Non-vault monster count
 E = Vault monster count
 F = Vault count percentage of total count
                 A         B        C        D         E       F
            +---------+---------+-------+---------+---------+-------
      Total |      31 |       0 |   0.0 |       9 |       0 |   0.0
            +---------+---------+-------+---------+---------+-------
        D:1 |       8 |       0 |   0.0 |       5 |       0 |   0.0
        D:2 |      23 |       0 |   0.0 |       4 |       0 |   0.0
            +---------+---------+-------+---------+---------+-------
